 Dungeon Crawl Stone Soup version 0.30-a0-728-gc68057be0a (webtiles) character file.

Game seed: 7858459355849656447

15812 Legacy the Warrior (level 12, -2/124 HPs)
             Began as a Minotaur Berserker on Jan 31, 2023.
             Was the Champion of Trog.
             Slain by Rupert
             ... wielding a +0 great mace of protection
              (5 damage)
             ... on level 12 of the Dungeon.
             The game lasted 00:29:45 (10923 turns).

Legacy the Warrior (Minotaur Berserker)            Turns: 10923, Time: 00:29:45

Health: -2/124     AC: 22    Str: 25    XL:     12   Next: 4%
Magic:  11/11      EV: 11    Int:  4    God:    Trog [******]
Gold:   865        SH:  6    Dex: 12    Spells: 11/11 levels left

rFire   . . .      SeeInvis .    B - +0 war axe
rCold   . . .      Faith    .    A - +0 buckler
rNeg    . . .      Spirit   .    S - +0 chain mail
rPois   .          Reflect  .    (helmet restricted)
rElec   .          Harm     .    O - +2 cloak {Stlth+}
rCorr   .          Rampage  .    M - +0 pair of gloves
Will    +....                    q - +0 pair of boots Stlth
                                 c - amulet of regeneration
HPRegen 1.20/turn                y - +4 ring of protection
MPRegen 0.12/turn                o - ring of willpower

@: on berserk cooldown, slowed, very slow
A: horns 2, retaliatory headbutt
a: Renounce Religion, Berserk, Trog's Hand, Brothers in Arms


You were on level 12 of the Dungeon.
You worshipped Trog.
Trog was exalted by your worship.
You visited 1 branch of the dungeon, and saw 12 of its levels.
You also visited: Sewer.

You collected 865 gold pieces.

Inventory:

Hand Weapons
 B - a +0 war axe (weapon)
 R - a +0 arbalest
Missiles
 f - 2 throwing nets (quivered)
Armour
 b - the +5 leather armour "Zacwovis" {Str+3}
   (You found it on level 6 of the Dungeon)

   Str:       It affects your strength (+3).
 q - a +0 pair of boots (worn)
 A - a +0 buckler (worn)
 K - +0 swamp dragon scales
 M - a +0 pair of gloves (worn)
 O - a +2 cloak of stealth (worn)
 S - a +0 chain mail (worn)
Jewellery
 c - an amulet of regeneration (around neck)
 o - a ring of willpower (right hand)
 r - a ring of magical power
 y - a +4 ring of protection (left hand)
 G - a +4 ring of protection
 Q - a +4 ring of protection
Wands
 d - a wand of iceblast (4)
 s - a wand of flame (17)
 H - a wand of mindburst (16)
 I - a wand of paralysis (12)
Scrolls
 e - 2 scrolls of magic mapping
 h - 4 scrolls of vulnerability
 j - a scroll of silence
 l - a scroll of fog
 n - 4 scrolls of enchant weapon
 p - 3 scrolls of enchant armour
 t - a scroll of fear
 u - 3 scrolls of poison
 L - 2 scrolls of teleportation
 N - 2 scrolls of identify
Potions
 a - 2 potions of haste {unknown}
 g - 4 potions of curing
 i - 3 potions of lignification
 m - 3 potions of flight
 v - 5 potions of ambrosia
 w - 2 potions of magic {unknown}
 x - 4 potions of might
 z - a potion of degeneration {unknown}
 C - 3 potions of heal wounds {unknown}
 E - 2 potions of mutation {unknown}
 F - 2 potions of cancellation {unknown}
 J - a potion of attraction {unknown}
 P - 2 potions of berserk rage {unknown}


   Skills:
 * Level 16.9 Fighting
 + Level 5.0 Axes
 + Level 10.5 Armour
 * Level 7.1 Dodging
 + Level 0.6 Stealth
 * Level 10.0 Shields


You had 11 spell levels left.
You didn't know any spells.
Your spell library was empty.

Dungeon Overview and Level Annotations

Branches:
Dungeon (12/15)            Temple (0/1) D:5            Lair (0/5) D:11
    Orc (0/2) D:10          Sewer (visited)

Altars:
Ashenzari
Fedhas
Hepliaklqana
Makhleb
Nemelex Xobeh
Sif Muna
Trog
Xom
Zin

Shops:
D:7 !

Annotations:
D:11 1 transporter
D:12 Rupert


Innate Abilities, Weirdness & Mutations

You have a pair of horns on your head.
You reflexively headbutt those who attack you in melee.


Message History

Rupert is moderately wounded.
Rupert hits you with a +0 great mace of protection!!
You slice Rupert!! Your headbutt misses Rupert.
Rupert is heavily wounded.
You block Rupert's attack.
You slash Rupert! Your headbutt misses Rupert.
Rupert is heavily wounded.
Rupert closely misses you. You block Rupert's attack.
You slash Rupert!
Rupert is severely wounded.
Rupert misses you.
You slice Rupert!!
Rupert is severely wounded.
You block Rupert's attack.
You closely miss Rupert. Your headbutt misses Rupert.
Rupert is severely wounded.
You are no longer berserk.
You are exhausted.
You feel yourself slow down.
Rupert hits you with a +0 great mace of protection!
You hit Rupert but do no damage. You headbutt Rupert.
Rupert is severely wounded.
Rupert hits you with a +0 great mace of protection.
Rupert hits you with a +0 great mace of protection!!
* * * LOW HITPOINT WARNING * * *
Rupert hits you but does no damage.
You barely miss Rupert. You headbutt Rupert!
Rupert is almost dead.
Rupert hits you with a +0 great mace of protection.
* * * LOW HITPOINT WARNING * * *
Rupert hits you with a +0 great mace of protection!
* * * LOW HITPOINT WARNING * * *
You block Rupert's attack.
Rupert hits you with a +0 great mace of protection!
* * * LOW HITPOINT WARNING * * *
You closely miss Rupert. You headbutt Rupert!
Rupert is almost dead.
Rupert hits you but does no damage.
Rupert hits you with a +0 great mace of protection.
You die...

......##.####.#######.#
......##....'.....#...#
......#######(#####.###
......# #.........#
.<....# #####'#####
#.##### #..# ..#
###'##### ### #.......#
######## #..@....#
.......# #..@....#
.......# #.......#
.......# #.......#
.......# +.......#
.......# #.......#
.......+ #.......#
.......# #.......#
.......#


You could see Rupert (berserk).

Vanquished Creatures
  Josephine (D:12)
  Erica (D:8)
  3 two-headed ogres
  An ugly thing (D:11)
  A cyclops (D:12)
  2 manticores
  Maggie (D:6)
  A kobold demonologist (D:9)
  A yaktaur (shapeshifter) (D:12)
  3 trolls (D:10)
  Grinder (D:3)
  3 hornets
  Sigmund (D:3)
  A shadow (D:12)
  A vampire (D:12)
  6 wraiths
  10 yaks
  A wyvern (D:7)
  A steam dragon (D:8)
  3 vampire mosquitoes (D:11)
  7 orc warriors
  Pargi (Sewer)
  A black bear (D:6)
  An ice beast (D:6)
  A sky beast (D:7)
  2 centaurs (D:6)
  3 ogres
  The ghost of karrick the Shield-Bearer, an amateur GrFi (D:3)
  5 kobold brigands
  2 phantoms (D:6)
  3 bullfrogs
  3 gnoll sergeants (D:7)
  2 scorpions (D:6)
  2 necrophages
  5 wights (D:6)
  8 killer bees
  3 electric eels (D:10)
  7 howler monkeys
  A bullfrog zombie (D:3)
  3 hounds
  4 jellies
  13 orc priests
  A bullfrog skeleton (D:3)
  3 iguanas
  14 orc wizards
  18 gnolls
  12 adders
  A shadow imp (D:5)
  3 white imps
  3 worms
  3 dart slugs
  71 orcs
  6 ball pythons
  9 endoplasms
  3 giant cockroaches
  7 goblins
  12 hobgoblins
  5 jackals
  23 kobolds
  A quokka (D:4)
  5 bats
  6 frilled lizards
  6 rats
333 creatures vanquished.

Vanquished Creatures (others)
  The ghost of Kyeffe the Martial Artist, a journeyman GnTm of Gozag (D:11)
  Maurice (D:8)
  A troll (D:11)
  A kobold (D:10)
  14 plants (D:7)
18 creatures vanquished.

Grand Total: 351 creatures vanquished

Notes
Turn   | Place    | Note
-------+----------+-------------------------------------------
     0 | D:1      | Legacy the Minotaur Berserker began the quest for the Orb.
     0 | D:1      | Reached XP level 1. HP: 19/19 MP: 0/0
   275 | D:1      | Reached skill level 4 in Fighting
   399 | D:1      | Reached XP level 2. HP: 28/28 MP: 1/1
  1249 | D:2      | Reached skill level 5 in Fighting
  1276 | D:2      | Reached XP level 3. HP: 31/36 MP: 2/2
  1749 | D:3      | Noticed Grinder
  1771 | D:3      | Paralysed by Grinder for 3 turns
  1787 | D:3      | Killed Grinder
  1788 | D:3      | Reached skill level 7 in Fighting
  1788 | D:3      | Reached XP level 4. HP: 46/48 MP: 3/3
  1788 | D:3      | Reached XP level 5. HP: 51/53 MP: 4/4
  1851 | D:3      | Reached ** piety under Trog
  1965 | D:3      | Reached skill level 8 in Fighting
  2037 | D:3      | Noticed Sigmund
  2045 | D:3      | Killed Sigmund
  2046 | D:3      | Reached skill level 9 in Fighting
  2046 | D:3      | Reached XP level 6. HP: 46/63 MP: 5/5
  2160 | D:3      | Found a runed translucent gate.
  2160 | D:3      | Found a runed translucent gate.
  2160 | D:3      | Found a runed translucent gate.
  2161 | D:3      | Noticed karrick's ghost (amateur GrFi)
  2183 | D:3      | Killed karrick's ghost
  2184 | D:3      | Reached XP level 7. HP: 57/71 MP: 6/6
  2494 | D:3      | Reached skill level 10 in Fighting
  2788 | D:4      | Reached *** piety under Trog
  2822 | D:4      | Found a sparkling altar of Nemelex Xobeh.
  2829 | D:4      | Found a blossoming altar of Fedhas.
  2844 | D:4      | Found a broken altar of Ashenzari.
  2844 | D:4      | Found a hazy altar of Hepliaklqana.
  2945 | D:4      | Found a glowing drain.
  2977 | Sewer    | Entered a sewer
  2980 | Sewer    | Noticed Pargi
  2988 | Sewer    | Killed Pargi
  3210 | D:4      | Found a shimmering altar of Xom.
  3464 | D:5      | Entered Level 5 of the Dungeon
  3485 | D:5      | Reached XP level 8. HP: 70/81 MP: 7/7
  3543 | D:5      | Found a staircase to the Ecumenical Temple.
  3677 | D:5      | Reached skill level 11 in Fighting
  3950 | D:5      | Reached **** piety under Trog
  4163 | D:5      | Noticed a two-headed ogre
  4170 | D:5      | Killed a two-headed ogre
  4171 | D:5      | Reached skill level 12 in Fighting
  4171 | D:5      | Reached skill level 5 in Armour
  4171 | D:5      | Reached skill level 5 in Dodging
  4419 | D:6      | Found a shimmering blue altar of Sif Muna.
  4629 | D:6      | Reached XP level 9. HP: 90/90 MP: 8/8
  4772 | D:6      | Identified the +5 leather armour "Zacwovis" {Str+3}
  4810 | D:6      | Noticed Maggie
  5010 | D:6      | HP: 3/92 [yak (13)]
  5018 | D:6      | Reached skill level 13 in Fighting
  5222 | D:6      | Killed Maggie
  5223 | D:6      | Reached skill level 5 in Shields
  5265 | D:6      | Paralysed by a hornet for 1 turns
  5277 | D:6      | Identified the +10 halberd of Compassion {holy, rF+}
  5284 | D:6      | Reached XP level 10. HP: 90/102 MP: 9/9
  5526 | D:6      | Found a bloodstained altar of Trog.
  5598 | D:7      | Reached skill level 14 in Fighting
  5937 | D:7      | Found Gade's Distillery.
  6514 | D:8      | Found a burning altar of Makhleb.
  6518 | D:8      | Noticed a cacodemon
  6520 | D:8      | Found a glowing silver altar of Zin.
  6520 | D:8      | Noticed an angel
  6955 | D:8      | Noticed Maurice
  6985 | D:8      | Killed Maurice
  7144 | D:8      | Noticed Erica
  7152 | D:8      | Killed Erica
  7252 | D:8      | Paralysed by a hornet for 1 turns
  7522 | D:9      | Noticed a two-headed ogre
  7531 | D:9      | Killed a two-headed ogre
  7532 | D:9      | Reached skill level 15 in Fighting
  7590 | D:9      | Reached ***** piety under Trog
  7821 | D:9      | Reached XP level 11. HP: 41/113 MP: 10/10
  8316 | D:10     | Entered Level 10 of the Dungeon
  8476 | D:10     | Found a staircase to the Orcish Mines.
  9283 | D:10     | Reached skill level 16 in Fighting
  9405 | D:11     | Found a staircase to the Lair.
  9439 | D:11     | Found a transporter.
  9462 | D:11     | Noticed Kyeffe's ghost (journeyman GnTm)
  9485 | D:11     | Noticed a deep elf pyromancer
  9499 | D:11     | Found a transporter.
  9650 | D:11     | Noticed a two-headed ogre
  9659 | D:11     | Killed a two-headed ogre
  9788 | D:11     | Noticed a cyan ugly thing
  9807 | D:11     | Killed a cyan ugly thing
  9808 | D:11     | Reached skill level 10 in Armour
 10145 | D:11     | Killed Kyeffe's ghost
 10419 | D:12     | Noticed Josephine
 10435 | D:12     | Killed Josephine
 10435 | D:12     | Reached ****** piety under Trog
 10441 | D:12     | Reached skill level 10 in Shields
 10441 | D:12     | Reached XP level 12. HP: 86/124 MP: 11/11
 10741 | D:12     | Reached skill level 5 in Axes
 10902 | D:12     | Noticed Rupert
 10922 | D:12     | HP: 1/124 [Rupert/+0 great mace of protection (10)]
 10923 | D:12     | Slain by Rupert

Illustrated notes

Levels and vault maps discovered:
D:1:      saegor_arrival_under_anarchy, layout_basic
D:2:      layout_loops_ring, serial_glass, glass_columns_c, glass_columns_a,
          glass_columns_a, glass_columns_a, glass_columns_b, glass_columns_b,
          glass_columns_c, glass_columns_b, glass_columns_a, glass_columns_c,
          glass_columns_b, glass_columns_a, glass_columns_a, glass_columns_a,
          minmay_misc_feat_tiny, kennysheep_generic_room_6
D:3:      minmay_skewed_foursquare, layout_rooms, gammafunk_ghost_necromancy,
          kennysheep_flooded_box, uniq_sigmund, uniq_grinder
D:4:      layout_cave_pools, grunt_temple_overflow_open, lemuel_tele_altar,
          cheibrodos_sewer_entry_drain
D:5:      layout_basic, minmay_temple_entry_stoned_glass
D:6:      kennysheep_windowed_halls, layout_loops_cross,
          mainiacjoe_overflow_alcove_2, amcnicky_altar_gilded, uniq_maggie
D:7:      layout_basic, serial_shops, shop, nicolae_grassy_gnolls
D:8:      layout_basic, grunt_temple_overflow_order_and_chaos_2, uniq_maurice,
          uniq_erica
D:9:      layout_layer_cave
D:10:     layout_basic, hiddenorc2_lemuel
D:11:     layout_basic, lair_entry_dummy, nzn_ghost_randoct,
          minmay_misc_feat_more_columns, dreamdust_princess_bridge
D:12:     layout_roguey, minmay_orc_keep, uniq_josephine, uniq_rupert

Skill      XL: |  1  2  3  4  5  6  7  8  9 10 11 12 |
---------------+-------------------------------------+-----
Fighting       | 4 5 7 9 10 12 13 15 16 | 16.9
Armour         | 4 5 7 9 10 | 10.5
Dodging        | 3 5 6 7 |  7.1
Shields        | 3 5 7 10 | 10.0
Axes           | 4 5 |  5.0
Stealth        | |  0.6

Action                     |  1- 3 |  4- 6 |  7- 9 | 10-12 || total
---------------------------+-------+-------+-------+-------++-------
  Melee: Hand axe          |    62 |    44 |   122 |       ||   228
         Headbutt          |     6 |     6 |    52 |    96 ||   160
         Punch             |       |     1 |     1 |       ||     2
         War axe           |       |       |   135 |   461 ||   596
 Invoke: Berserk           |       |     1 |     7 |     8 ||    16
    Use: Scroll            |       |       |     7 |    11 ||    18
         Potion            |       |       |     3 |     1 ||     4
   Stab: Confused          |       |       |       |     1 ||     1
 Armour: Animal skin       |    14 |       |       |       ||    14
         Leather armour    |       |    18 |    59 |       ||    77
         Scale mail        |       |       |    23 |       ||    23
         Chain mail        |       |       |    84 |   413 ||   497
         Skin              |       |       |     5 |       ||     5
  Dodge: Dodged            |    49 |    26 |   213 |   260 ||   548
  Block: Buckler           |       |       |    39 |   204 ||   243

Table legend: (Time is in decaauts)
 A = Elapsed time spent in this place.
 B = Non-inter-level travel time spent in this place.
 C = Inter-level travel time spent in this place.
 D = Time resting spent in this place.
 E = Time spent auto-exploring this place.
 F = Levels seen in this place.
 G = Mean time per level.
                   A        B        C        D        E       F      G
               +--------+--------+--------+--------+--------+-----+--------+
         Total |  11355 |  10261 |   1094 |   1213 |      0 |  13 |  873.5 |
       Dungeon |  11203 |  10109 |   1094 |   1213 |      0 |  12 |  933.6 |
         Sewer |    152 |    152 |      0 |      0 |      0 |   1 |  152.0 |
               +--------+--------+--------+--------+--------+-----+--------+

Top non-repeatable levels by time:
     D:6: 1279 daAuts
    D:10: 1086 daAuts
     D:9: 1036 daAuts
     D:1: 1026 daAuts
     D:3: 980 daAuts
     D:5: 957 daAuts
     D:8: 955 daAuts
     D:7: 892 daAuts
    D:12: 827 daAuts
    D:11: 794 daAuts
     D:2: 727 daAuts
     D:4: 640 daAuts
   Sewer: 152 daAuts
